 Dungeon Crawl Stone Soup version 0.30-a0-1043-g60ff8d5f49 (webtiles) character file.

Game seed: 12696913330912369161

135 NateTC the Trooper (level 5, -2/35 HPs)
             Began as a Gargoyle Fighter on Apr 10, 2023.
             Killed from afar by an orc wizard (5 damage)
             ... with a magic dart
             ... on level 4 of the Dungeon on Apr 11, 2023.
             The game lasted 00:06:11 (3022 turns).

NateTC the Trooper (Gargoyle Fighter)               Turns: 3022, Time: 00:06:12

Health: -2/35      AC: 14    Str: 22    XL:     5   Next: 18%
Magic:  5/5        EV:  8    Int: 20    God:
Gold:   146        SH:  4    Dex:  9    Spells: 4/4 levels left

rFire   + . .      SeeInvis .    a - +0 flail
rCold   + . .      Faith    +    c - +0 buckler
rNeg    + . .      Spirit   .    n - +0 chain mail
rPois   ∞          Reflect  .    (no helmet)
rElec   +          Rampage  .    h - scarf {rC+ rF+}
rCorr   .                        m - +0 pair of gloves
Will    .....                    (no boots) Stlth
                                 p - amulet of faith
HPRegen 0.25/turn                j - +6 ring of intelligence
MPRegen 0.09/turn                k - +6 ring of intelligence

@: no status effects
A: sickness immunity, AC +4, negative energy resistance 1, electricity
resistance, torment resistance 1, petrification resistance
a: no special abilities


You were on level 4 of the Dungeon.
You visited 1 branch of the dungeon, and saw 4 of its levels.

You collected 146 gold pieces.

Inventory:

Hand Weapons
 a - a +0 flail (weapon)
Armour
 b - a +0 scale mail
 c - a +0 buckler (worn)
 h - a scarf of resistance (worn)
 m - a +0 pair of gloves (worn)
 n - a +0 chain mail (worn)
Jewellery
 j - a +6 ring of intelligence (left hand)
 k - a +6 ring of intelligence (right hand)
 p - an amulet of faith (around neck)
Scrolls
 f - 3 scrolls of teleportation
 r - a scroll of fog
Potions
 d - a potion of might
 e - a potion of haste {unknown}
 g - a potion of resistance {unknown}
 i - 2 potions of heal wounds {unknown}
 l - a potion of magic {unknown}
 o - a potion of curing {unknown}
 q - a potion of brilliance {unknown}
 s - a potion of lignification {unknown}
 t - a potion of attraction {unknown}


   Skills:
 - Level 5.2 Fighting
 - Level 2.0 Maces & Flails
 + Level 4.0 Armour
 + Level 4.0 Shields


You had 4 spell levels left.
You didn't know any spells.
Your spell library was empty.

Dungeon Overview and Level Annotations

Branches:
Dungeon (4/15) Zot: 20897
 Temple: D:4-7

Altars:
Ashenzari
Nemelex Xobeh

Shops:
D:3 [


Innate Abilities, Weirdness & Mutations

You are immune to sickness and miasma.
Your stone body is resilient. (AC +4)
You are immune to poison.
You resist negative energy. (rN+)
You are resistant to electric shocks. (rElec)
You are resistant to unholy torment.
You are immune to petrification.


Message History

The orc hits you but does no damage. Something hits you.
The orc hits you with a +0 whip. You block the orc's attack.
Something hits you but does no damage. The orc misses you.
You closely miss the orc.
The orc is severely wounded.
Something hits you. You block the orc's attack. x2
You closely miss the orc.
The orc is severely wounded.
The orc hits you with a +0 dagger.
You hear some strange, mumbled words.
A puff of flame appears from out of thin air!
The puff of flame hits you but does no damage.
The orc hits you with a +0 whip.
You barely miss the orc.
The orc is severely wounded.
The orc hits you but does no damage. Something hits you but does no damage.
You block the orc's attack. Something hits you but does no damage.
The orc hits you but does no damage. The orc hits you with a +0 whip.
* * * LOW HITPOINT WARNING * * *
You hit the orc.
You kill the orc!
The orc hits you but does no damage.
You hear some strange, mumbled words.
A puff of flame appears from out of thin air!
The puff of flame hits you. You resist.
* * * LOW HITPOINT WARNING * * *
You sock the orc!
You kill the orc!
Something hits you but does no damage.
You miss something. Something hits you.
* * * LOW HITPOINT WARNING * * *
Something hits you but does no damage.
You sock something! Something hits you but does no damage.
You barely miss something. Something hits you but does no damage.
You closely miss something. Something hits you.
* * * LOW HITPOINT WARNING * * *
You hear some strange, mumbled words.
A magic dart appears from out of thin air!
The magic dart hits you.
You die...

#.####..#
#.......#
#####..#######
#........#
#........#
#........###
#........#8##
#.#####...).##
#.# #..@)..#
.. #..{)...8#
... #.##.....#
...# 8.....#
....# ##.....
....#.# #....
..#### 8... ..
...


There were no monsters in sight!

Vanquished Creatures
  A jelly (D:4)
  2 worms (D:3)
  3 dart slugs (D:1)
  7 orcs
  9 endoplasms
  7 giant cockroaches
  6 goblins
  5 hobgoblins
  5 quokkas
  5 ball pythons
  11 bats
  6 frilled lizards
  8 kobolds
  6 rats
81 creatures vanquished.

Vanquished Creatures (others)
  A withered plant (D:2)
1 creature vanquished.

Grand Total: 82 creatures vanquished

Notes
Turn   | Place    | Note
-------+----------+-------------------------------------------
     0 | D:1      | NateTC the Gargoyle Fighter began the quest for the Orb.
     0 | D:1      | Reached XP level 1. HP: 14/14 MP: 1/1
    55 | D:1      | Reached XP level 2. HP: 14/20 MP: 2/2
    70 | D:1      | Reached skill level 4 in Fighting
   171 | D:1      | Reached XP level 3. HP: 12/24 MP: 3/3
   919 | D:2      | Found a faded altar of an unknown god.
   952 | D:2      | Reached skill level 5 in Fighting
  1312 | D:2      | Reached XP level 4. HP: 31/31 MP: 4/4
  1965 | D:3      | Identified the +7 dagger of Tujaklist {venom, rN+ Str+3}
  2043 | D:3      | Found Xoecve's Antique Armour Boutique.
  2782 | D:4      | Reached XP level 5. HP: 31/35 MP: 5/5
  2858 | D:4      | Found a broken altar of Ashenzari.
  2858 | D:4      | Found a sparkling altar of Nemelex Xobeh.
  3022 | D:4      | Killed from afar by an orc wizard

Illustrated notes

Levels and vault maps discovered:
D:1:      wander_arrival_estate, layout_basic, st_stairs_4, moated_statue,
          minmay_ruptured
D:2:      layout_basic, shapermc_ecumenical_altar_flowoftime, minmay_tripent
D:3:      layout_basic, serial_shops, shop, kennysheep_big_empty_room,
          minmay_box_of_dots
D:4:      layout_basic, gammafunk_temple_overflow_elements, serial_corexii_hall,
          chequers_hall_statues_y, corexii_hall_statues_i,
          chequers_hall_statues_wall_a, corexii_hall_statues_x,
          gammafunk_ghost_necromancy, minmay_misc_feat_rows, st_stairs_9

Skill      XL: |  1  2  3  4  5 |
---------------+----------------+-----
Fighting       | 4 5 |  5.2
Shields        | 4 |  4.0
Armour         | 4 |  4.0
Maces & Flails | |  2.0

Action                     |  1- 3 |  4- 6 || total
---------------------------+-------+-------++-------
  Melee: Flail             |   128 |   108 ||   236
    Use: Scroll            |     3 |     1 ||     4
 Armour: Scale mail        |    95 |     5 ||   100
         Chain mail        |       |   143 ||   143
  Dodge: Dodged            |    86 |    54 ||   140
  Block: Buckler           |    39 |    46 ||    85

Table legend: (Time is in decaauts)
 A = Elapsed time spent in this place.
 B = Non-inter-level travel time spent in this place.
 C = Inter-level travel time spent in this place.
 D = Time resting spent in this place.
 E = Time spent auto-exploring this place.
 F = Levels seen in this place.
 G = Mean time per level.
                   A        B        C        D        E       F      G
               +--------+--------+--------+--------+--------+-----+--------+
         Total |   3101 |   2952 |    149 |     57 |   2183 |   4 |  775.2 |
       Dungeon |   3101 |   2952 |    149 |     57 |   2183 |   4 |  775.2 |
               +--------+--------+--------+--------+--------+-----+--------+

Top non-repeatable levels by time:
     D:2: 984 daAuts
     D:3: 929 daAuts
     D:1: 876 daAuts
     D:4: 310 daAuts
